 Seeded DCSS version 0.30.1-11-g7821555f0a (webtiles) character file.

Game seed: 430007637681659361 (custom seed)

32 mattiecakes the Poker (level 3, -1/30 HPs)
             Began as a Hill Orc Reaver on Nov 10, 2023.
             Slain by Terence
             ... wielding a +0 hand axe of electrocution
              (13 damage)
             ... on level 2 of the Dungeon.
             The game lasted 00:02:59 (923 turns).

mattiecakes the Poker (Hill Orc Reaver)              Turns: 923, Time: 00:03:00

Health: -1/30      AC:  3    Str: 16    XL:     3   Next: 25%
Magic:  5/5        EV: 11    Int: 13    God:
Gold:   50         SH:  0    Dex:  9    Spells: 4/5 levels left

rFire   . . .        g - +3 war axe
rCold   . . .        (no shield)
rNeg    . . .        b - +0 leather armour
rPois   .            (no helmet)
rElec   .            (no cloak)
rCorr   .            (no gloves)
SInv    .            (no boots)
Will    .....        (no amulet)
Stlth   +            e - ring of flight
HPRegen 0.25/turn    (no ring)
MPRegen 0.09/turn

%: no passive effects
@: flying
A: no striking features
a: no special abilities


You were on level 2 of the Dungeon.
You visited 1 branch of the dungeon, and saw 2 of its levels.

You collected 50 gold pieces.

Inventory:

Hand Weapons
 a - a +0 spear
 g - a +3 war axe (weapon)
Armour
 b - a +0 leather armour (worn)
Jewellery
 e - a ring of flight (left hand)
Scrolls
 c - a scroll of fear {unknown}
 d - 2 scrolls of noise {unknown}
 f - a scroll of brand weapon {unknown}
 h - a scroll of vulnerability {unknown}
 k - a scroll of identify {unknown}
Potions
 l - a potion of cancellation {unknown}


   Skills:
 - Level 2.4 Fighting
 + Level 4.7 Polearms
 - Level 1.5 Dodging
 - Level 1.5 Spellcasting
 - Level 3.0 Conjurations


You had 4 spell levels left.
You knew the following spells:

 Your Spells              Type           Power      Damage    Failure   Level
a - Kiss of Death         Conj/Necr      16%        2d6       19%         1

Your spell library contained the following spells:

 Spells                   Type           Power      Damage    Failure   Level
 Momentum Strike          Conj/Tloc      8%         3d8       26%         2
 Hailstorm                Conj/Ice       4%         3d4       47%         3


Dungeon Overview and Level Annotations

Branches:
Dungeon (2/15)

Altars:

Annotations:
D:2 Terence


Message History

There are monsters nearby!
It was a potion of ambrosia.
You are confused.
You feel invigorated.
You are too confused!
A ball python comes into view.
Found a stone.
The ball python hisses angrily.
Terence zaps a wand.
The puff of flame hits you!
The ball python moves out of view.
The adder barely misses you.
Terence zaps a wand.
The puff of flame hits you!
A rat comes into view.
You feel less invigorated.
You feel less confused. The adder closely misses you.
Terence zaps a wand.
The puff of flame hits you!
* * * LOW HITPOINT WARNING * * *
Terence zaps a wand.
The puff of flame misses you.
The puff of flame hits the adder!
It was a potion of curing.
You feel better. The adder misses you.
The ball python bites you but does no damage.
The ball python barely misses you. The adder bites you but does no damage.
You closely miss the ball python. You barely miss the adder.
The ball python bites you. The ball python grabs you.
The ball python constricts you. The adder bites you.
Terence looks scornfully at you.
You barely miss the ball python. You closely miss Terence. You miss the adder.
The ball python barely misses you. The ball python constricts you.
The adder barely misses you. Terence closely misses you.
The ball python bites you but does no damage.
The ball python constricts you. The adder bites you but does no damage.
You slash the ball python!
You kill the ball python!
You hit Terence. You slash the rat!
You kill the rat!
You hit the adder.
You kill the adder!
Terence misses you.
Terence hits you with a +0 hand axe of electrocution.
You are electrocuted!
You die...

##.....##.....
##.............
#..............
#..............
#..............
#...[..........
#(......@......
#......@†......
##......†......
##......#.....
####...# ####
#.### #<# #.#
..# #.##


You could see Terence.

Vanquished Creatures
  An adder (D:2)
  A dart slug (D:1)
  An endoplasm (D:1)
  3 giant cockroaches (D:1)
  2 goblins (D:1)
  3 hobgoblins (D:1)
  2 quokkas (D:1)
  6 ball pythons
  6 bats (D:1)
  A frilled lizard (D:1)
  A kobold (D:1)
  5 rats
32 creatures vanquished.

Notes
Turn   | Place    | Note
-------+----------+-------------------------------------------
     0 | D:1      | mattiecakes the Hill Orc Reaver began the quest for the
                  | Orb.
     0 | D:1      | Reached XP level 1. HP: 18/18 MP: 3/3
   135 | D:1      | Reached XP level 2. HP: 25/25 MP: 4/4
   170 | D:1      | Reached skill level 4 in Polearms
   551 | D:1      | Reached XP level 3. HP: 30/30 MP: 5/5
   914 | D:2      | Noticed Terence
   923 | D:2      | Slain by Terence

Illustrated notes

Levels and vault maps discovered:
D:1:      wander_arrival_chamber, layout_basic, kennysheep_boxes
D:2:      layout_rooms, dilly_ecumenical_altar_fadedgnrine, basic_altar,
          uniq_terence

Skill      XL: |  1  2 |
---------------+-------+-----
Polearms       | 4 |  4.7
Fighting       | |  2.4
Dodging        | |  1.5
Spellcasting   | |  1.5
Conjurations   | |  3.0

Action                     || total
---------------------------++-------
  Melee: Spear             ||    31
         War axe           ||    47
    Use: Potion            ||     2
 Armour: Leather armour    ||    30
  Dodge: Dodged            ||    47
